 Dungeon Crawl Stone Soup version 0.16.1-28-gcc2312f (webtiles) character file.

66 CcS the Grave Robber (level 4, -2/21 HPs)
             Began as a Vine Stalker Necromancer on June 4, 2015.
             Killed from afar by Jessica (7 damage)
             ... with a wand of magic darts
             ... on level 2 of the Dungeon.
             The game lasted 00:03:50 (1831 turns).

CcS the Grave Robber (Vine Stalker Necromancer)     Turns: 1831, Time: 00:03:51

Health: -2/21      AC:  3    Str: 11    XL:     4   Next: 15%
Magic:  0/8        EV: 12    Int: 21    God:
Gold:   81         SH:  0    Dex: 14    Spells: 3 memorised, 2 levels left

rFire  . . .     SeeInvis .       - Unarmed
rCold  . . .     Clarity  .     a - +0 robe
rNeg   . . .     SustAb   .     (no shield)
rPois  .         Gourm    .     (no helmet)
rElec  .         Spirit   +     m - +0 cloak
rCorr  .         Warding  .     (no gloves)
rMut   .         Stasis   .     (no boots)
MR     .....                    (no amulet)
Stlth  ++........               (no ring)
                                (no ring)

@: brilliant, not resistant to hostile enchantments, unstealthy
A: fangs 2, regeneration 1, magic shield, antimagic bite, no device heal 3, rot
immunity
a: no special abilities


You were on level 2 of the Dungeon.
You were hungry.

You visited 1 branch of the dungeon, and saw 2 of its levels.

You collected 81 gold pieces.

Inventory:

Armour
 a - a +0 robe (worn)
 m - a +0 cloak (worn)
Scrolls
 d - a scroll of identify {unknown}
 e - 3 scrolls of magic mapping {unknown}
 f - 2 scrolls of remove curse {unknown}
 g - a scroll of immolation {unknown}
 j - 2 scrolls of teleportation {unknown}
Potions
 h - a potion of lignification {unknown}
 i - a potion of mutation {unknown}
 k - a potion of brilliance
Books
 b - a book of Necromancy

   Spells                             Type                      Level
   a - Pain                           Necromancy                   1
   b - Animate Skeleton               Necromancy                   1
   c - Vampiric Draining              Necromancy                   3
   d - Regeneration                   Charms/Necromancy            3
   e - Animate Dead                   Necromancy                   4
   f - Control Undead                 Necromancy                   4
 n - a book of Beasts

   Spells                             Type                      Level
   a - Summon Butterflies             Summoning                    1
   b - Call Canine Familiar           Summoning                    3
   c - Summon Ice Beast               Ice/Summoning                4
   d - Summon Mana Viper              Hexes/Summoning              5
   e - Monstrous Menagerie            Summoning                    6
   f - Summon Hydra                   Summoning                    7
Comestibles
 c - 2 bread rations
 l - 2 chunks of flesh


   Skills:
 - Level 1.5 Dodging
 - Level 2.4 Stealth
 + Level 3.6 Unarmed Combat
 - Level 2.1 Spellcasting
 - Level 4.0 Necromancy


You had 2 spell levels left.
You knew the following spells:

 Your Spells              Type           Power        Failure   Level  Hunger
a - Pain                  Necr           ####         1%          1    #......
b - Regeneration          Chrm/Necr      ###.......   2%          3    ###....
c - Animate Skeleton      Necr           N/A          1%          1    #......


Dungeon Overview and Level Annotations

Branches:
Dungeon (2/15)

Altars:
Sif Muna

Annotations:
D:2 Jessica, Sigmund


Innate Abilities, Weirdness & Mutations

You have extremely sharp teeth.
Your natural rate of healing is unusually fast.
When hurt, damage is shared between your health and your magic reserves.
Your bite disrupts and absorbs the magic of your enemies.
Potions and wands cannot restore your health.
You are immune to rotting.


Message History

Jessica shouts!
Your bite misses the kobold. The kobold hits you.
You barely miss the kobold. The kobold closely misses you.
You hit the kobold.
You kill the kobold!
Jessica zaps a wand.
The magic dart hits you!
It is a wand of magic darts.
Jessica zaps a wand.
The magic dart hits you!
You see here a kobold corpse.
You closely miss Jessica. Your bite misses Jessica.
Jessica zaps a wand.
The magic dart hits you!
You barely miss Jessica.
Jessica zaps a wand.
The magic dart hits you!
* * * LOW HITPOINT WARNING * * *
Casting: Pain
Confirm with . or Enter, or press ? or * to list all spells.
You don't have enough magic to cast that spell.
Drink which item? (? for menu, Esc to quit)
It was a potion of brilliance.
You feel clever all of a sudden.
Jessica zaps a wand.
The magic dart hits you!
You die...

############
#$...@.....############
#@.†..............
#.###.###.######## ...#
#.# #.# ##### #.# #.#
#.# #.# # #.# #.# #.
..# #.# # #.# ### #.#
#. #.########## #.#


You could see Jessica.

Vanquished Creatures
  An adder (D:2)
  2 worms
  A giant mite (D:1)
  A giant gecko (D:2)
  3 giant cockroaches
  6 goblins
  5 hobgoblins
  A quokka (D:2)
  7 bats
  4 giant newts (D:1)
  3 kobolds (D:2)
  5 rats
39 creatures vanquished.

Vanquished Creatures (others)
  A goblin skeleton (D:1)
1 creature vanquished.

Grand Total: 40 creatures vanquished

Notes
Turn   | Place    | Note
--------------------------------------------------------------
     0 | D:1      | CcS, the Vine Stalker Necromancer, began the quest for the Orb.
     0 | D:1      | Reached XP level 1. HP: 9/9 MP: 3/3
   247 | D:1      | Reached skill level 1 in Unarmed Combat
   322 | D:1      | Reached XP level 2. HP: 13/13 MP: 5/5
   737 | D:1      | Reached XP level 3. HP: 13/16 MP: 4/7
   745 | D:1      | Learned a level 3 spell: Regeneration
   747 | D:1      | Learned a level 1 spell: Animate Skeleton
  1435 | D:2      | Noticed Sigmund
  1556 | D:2      | Found a deep blue altar of Sif Muna.
  1634 | D:2      | Reached XP level 4. HP: 19/21 MP: 0/8
  1823 | D:2      | Noticed Jessica
  1831 | D:2      | Killed from afar by Jessica

Action                   |  1- 3 |  4- 6 || total
-------------------------+-------+-------++-------
Melee: Unarmed           |    96 |    14 ||   110
 Cast: Pain              |    23 |     1 ||    24
       Animate Skeleton  |     1 |       ||     1
       Regeneration      |     1 |       ||     1
  Use: Potion            |       |     1 ||     1
 Stab: Sleeping          |     8 |       ||     8
  Eat: Chunk             |     3 |       ||     3
